 Dungeon Crawl Stone Soup version 0.32-a0-975-g85d4e5bfdb (webtiles) character file.

Game seed: 16066569626104357885

109 funkygono the Firebug (level 4, -2/24 HPs)
             Began as a Gargoyle Fire Elementalist on Apr 18, 2024.
             Slain by Pikel
             ... wielding a +2 whip of freezing
              (5 damage)
             ... on level 3 of the Dungeon.
             The game lasted 00:03:28 (2067 turns).

funkygono the Firebug (Gargoyle Fire Elementalist)  Turns: 2067, Time: 00:03:29

Health: -2/24      AC:  9    Str: 12    XL:     4   Next: 89%
Magic:  17/17      EV: 10    Int: 17    God:
Gold:   105        SH:  0    Dex: 10    Spells: 1/8 levels left

rFire   + . .        d - +0 mace
rCold   . . .        (no shield)
rNeg    + . .        e - +3 leather armour {rF+}
rPois   ∞            (no helmet)
rElec   +            (no cloak)
rCorr   .            (no gloves)
SInv    .            (no boots)
Will    .....        (no amulet)
Stlth   ++           a - ring of magical power
HPRegen 0.24/turn    (no ring)
MPRegen 0.15/turn

%: no passive effects
@: no status effects
A: sickness immunity, AC +3, negative energy resistance 1, electricity
resistance, torment resistance 1, petrification resistance
a: no special abilities


You were on level 3 of the Dungeon.
You visited 1 branch of the dungeon, and saw 5 of its levels.

You collected 105 gold pieces.

Inventory:

Hand Weapons
 d - a +0 mace (weapon)
Armour
 e - a +3 leather armour of fire resistance (worn)
Jewellery
 a - a ring of magical power (left hand)
 c - an amulet of guardian spirit
 j - a +6 ring of intelligence
Potions
 b - a potion of magic
 f - a potion of invisibility {unknown}
 g - a potion of might
 h - a potion of degeneration {unknown}
 i - a potion of mutation {unknown}


   Skills:
 + Level 0.4 Fighting
 + Level 1.3 Maces & Flails
 + Level 0.7 Armour
 + Level 2.1 Dodging
 + Level 2.2 Stealth
 + Level 2.9 Spellcasting
 + Level 1.6 Conjurations
 + Level 3.6 Fire Magic


You had one spell level left.
You knew the following spells:

 Your Spells              Type           Power      Damage    Failure   Level
a - Foxfire               Conj/Fire      44%        2x1d6     8%          1
b - Scorch                Fire           28%        2d6       8%          2
c - Flame Wave            Conj/Fire      11%        2d6       58%         4

Your spell library contained the following spells:

 Spells                   Type           Power      Damage    Failure   Level
 Inner Flame              Hex/Fire       8%         N/A       32%         3
 Volatile Blastmotes      Fire/Tloc      16%        2d11      32%         3


Dungeon Overview and Level Annotations

Branches:
Dungeon (5/15)
 Temple: D:4-7

Altars:

Annotations:
D:3 Pikel


Innate Abilities, Weirdness & Mutations

You are immune to sickness and miasma.
Your stone body is resilient. (AC +3)
You are immune to poison.
You resist negative energy. (rN+)
You are resistant to electric shocks. (rElec)
You are resistant to unholy torment.
You are immune to petrification.


Message History

The lemure is lightly wounded.
A bat comes into view.
The lemure attacks as it pursues you! The lemure barely misses you.
Casting: Foxfire (safe; 8% risk of failure)
Confirm with . or Enter, or press ? or * to list all spells.
You conjure some foxfire!
Pikel says, "You'll make a fine lemure."
Pikel barely misses you. The lemure barely misses you.
The lemure hits you but does no damage.
The ball python bites you but does no damage.
The ball python barely misses you.
Casting: Foxfire (safe; 8% risk of failure)
Confirm with . or Enter, or press ? or * to list all spells.
Flames lash the ball python.
The ball python is severely wounded.
The ball python's fire resistance burns away.
The foxfire hits the ball python.
You kill the ball python!
The foxfire hits the lemure but does no damage.
The lemure is lightly wounded.
The kobold throws a stone.
The stone hits you but does no damage.
Pikel says, "You'll feel the lick of my whip!"
Pikel hits you but does no damage. The lemure hits you. x2
* * * LOW HITPOINT WARNING * * *
The bat barely misses you.
Casting: Scorch (safe; 8% risk of failure)
Confirm with . or Enter, or press ? or * to list all spells.
You conjure some foxfire!
The bat hits you but does no damage.
The foxfire hits the ball python.
The ball python is moderately wounded.
Pikel closely misses you. The lemure hits you.
* * * LOW HITPOINT WARNING * * *
The lemure misses you. Magic courses through your body.
The foxfire hits Pikel but does no damage.
Pikel is lightly wounded.
The bat closely misses you. The lemure misses you.
Pikel hits you with a +2 whip of freezing.
You die...
Pikel says, "Another soul for the market."

...............
........^......
...............
#
...............
#
...............
#
...............
#
.......b.......
#
....K.S@.......
#
......55K......
##
.......S.......
..
...............
.
...............
###............
#............
#............ #
# #............
#.#


You could see Pikel, 2 lemures, a bat, 2 ball pythons and a kobold.

Vanquished Creatures
  A hound (D:4)
  Jessica (D:2)
  2 adders
  A dart slug (D:2)
  4 ball pythons
  2 endoplasms (D:2)
  3 giant cockroaches
  A goblin (D:2)
  A hobgoblin (D:2)
  2 quokkas
  4 bats
  4 frilled lizards
  4 kobolds
  8 rats
38 creatures vanquished.

Vanquished Creatures (others)
  97 foxfires
97 creatures vanquished.

Grand Total: 135 creatures vanquished

Notes
Turn   | Place    | Note
-------+----------+-------------------------------------------
     0 | D:1      | funkygono the Gargoyle Fire Elementalist began the quest
                  | for the Orb.
     0 | D:1      | Reached XP level 1. HP: 10/10 MP: 3/3
   448 | D:1      | Reached XP level 2. HP: 15/15 MP: 3/5
   451 | D:1      | Learned a level 2 spell: Scorch
  1321 | D:2      | Noticed Jessica
  1402 | D:2      | Killed Jessica
  1403 | D:2      | Reached XP level 3. HP: 19/19 MP: 7/7
  1701 | D:2      | Reached XP level 4. HP: 24/24 MP: 8/8
  1706 | D:2      | Learned a level 4 spell: Flame Wave
  1936 | D:3      | You fall into a shaft and drop 2 floors!
  1936 | D:5      | Entered Level 5 of the Dungeon
  1941 | D:5      | Reached skill level 1 in Maces & Flails
  2027 | D:4      | Noticed a lemure
  2027 | D:4      | Noticed a lemure
  2028 | D:4      | Noticed a lemure
  2049 | D:4      | Noticed Pikel
  2055 | D:4      | Noticed a lemure
  2067 | D:3      | Slain by Pikel

Illustrated notes

Levels and vault maps discovered:
D:1:      mainiacjoe_arrival_reflecting_pool, layout_basic,
          chequers_serial_rivers_small_b, corexii_leaking_fountain,
          minmay_octomino_e4
D:2:      layout_loops_ring, uniq_jessica
D:3:      layout_basic, minmay_liquid_box
D:4:      layout_cave_pools, minmay_misc_feat_enclosed, uniq_pikel
D:5:      layout_rooms, uniq_grinder, uniq_eustachio

Skill      XL: |  1  2  3  4 |
---------------+-------------+-----
Dodging        | 2 |  2.1
Maces & Flails | 1 |  1.3
Fighting       | |  0.4
Armour         | |  0.7
Stealth        | |  2.2
Spellcasting   | |  2.9
Conjurations   | |  1.6
Fire Magic     | |  3.6

Action                     |  1- 3 |  4- 6 || total
---------------------------+-------+-------++-------
  Melee: Mace              |    26 |     4 ||    30
   Cast: Foxfire           |    36 |    21 ||    57
         Scorch            |     6 |     1 ||     7
    Use: Scroll            |     3 |     3 ||     6
         Potion            |       |     1 ||     1
 Armour: Leather armour    |    34 |    20 ||    54
  Dodge: Dodged            |    32 |    21 ||    53

Table legend: (Time is in decaauts)
 A = Elapsed time spent in this place.
 B = Non-inter-level travel time spent in this place.
 C = Inter-level travel time spent in this place.
 D = Time resting spent in this place.
 E = Time spent auto-exploring this place.
 F = Levels seen in this place.
 G = Mean time per level.
                   A        B        C        D        E       F      G
               +--------+--------+--------+--------+--------+-----+--------+
         Total |   2077 |   2034 |     43 |     56 |   1642 |   5 |  415.4 |
       Dungeon |   2077 |   2034 |     43 |     56 |   1642 |   5 |  415.4 |
               +--------+--------+--------+--------+--------+-----+--------+

Top non-repeatable levels by time:
     D:1: 1120 daAuts
     D:2: 723 daAuts
     D:3: 109 daAuts
     D:4: 101 daAuts
     D:5: 23 daAuts
